AoeStats
← waLLefps.

Arena

507740161Analyzed
4v4 RM · 11d ago on Sep 19, 2026· 50m 5s· 8 players
Game mode
Random Map
Map size
Large (8 player)
Population
200
Speed
Normal
Resources
Standard
Victory
Conquest
Starting age
Dark Age
Ending age
Imperial Age
RankedLock teamsTeams togetherTeam positionsShared explorationLock speedFull tech treeHidden civsTurbo modeCheats
Victory
Defeat
🇹🇷 Khmer · Türkiye
1475
+14
🇹🇷 Romans · Türkiye
1459
+15
🇦🇷 Jurchens · Argentina
1398
+18
🇨🇳 Hindustanis · China
1396
+18
🇨🇳 Aztecs · China
1558
-22
🇨🇳 Portuguese · China
1442
-16
1388
-14
🇭🇰 Japanese · Hong Kong SAR China
1365
-13
klostrofobikköstebek
11:34 Feudal Age
14:50 Castle Age
18:52 Double-Bit Axe
18:48 Horse Collar
20:03 Wheelbarrow
19:54 Bow Saw
19:53 Heavy Plow
21:20 Hand Cart
21:13 Loom
28:16 Imperial Age
26:22 Scale Barding Armor
26:41 Forging
26:34 Husbandry
26:54 Bloodlines
28:29 Chain Barding Armor
28:17 Tusk Swords
28:59 Iron Casting
29:34 Crop Rotation
28:57 Gold Mining
29:13 Stone Mining
31:18 Gold Shaft Mining
31:19 Stone Shaft Mining
30:29 Elite Battle Elephant
33:44 Plate Barding Armor
34:19 Chemistry
35:05 Blast Furnace
33:41 Capped Ram
36:04 Light Cavalry
37:13 Siege Ram
38:48 Hussar
41:28 Ballistics
43:43 Double Crossbow
44:12 Siege Engineers
44:01 Heavy Scorpion
Imrik
10:28 Feudal Age
14:20 Castle Age
13:28 Double-Bit Axe
13:33 Horse Collar
15:43 Bow Saw
18:48 Loom
23:39 Wheelbarrow
27:22 Wheelbarrow
26:44 Gold Mining
28:21 Devotion
35:49 Hand Cart
39:47 Gold Shaft Mining
39:03 Stone Mining
39:21 Heavy Plow
42:35 Imperial Age
41:04 Bloodlines
40:55 Husbandry
41:38 Town Watch
42:31 Fortified Bastions
43:06 Scale Barding Armor
43:12 Forging
42:44 Elite Steppe Lancer
43:53 Conscription
45:12 Iron Casting
45:51 Chain Barding Armor
47:59 Plate Barding Armor
48:26 Blast Furnace
50:28 Chemistry
49:08 Treadmill Crane
49:35 Siege Engineers
49:26 Murder Holes
49:52 Ballistics
Mllento
11:02 Feudal Age
12:07 Double-Bit Axe
15:05 Castle Age
13:21 Horse Collar
16:08 Bow Saw
17:48 Wheelbarrow
20:55 Town Watch
22:01 Gold Mining
22:22 Scale Barding Armor
21:54 Light Cavalry
22:49 Husbandry
23:17 Heavy Plow
23:33 Bloodlines
24:42 Chain Barding Armor
25:21 Loom
27:33 Hand Cart
28:02 Gold Shaft Mining
27:49 Forging
28:42 Fletching
29:28 Iron Casting
32:33 Imperial Age
32:52 Onager
34:43 Bodkin Arrow
35:25 Plate Barding Armor
35:06 Heavy Camel Rider
39:21 Conscription
39:08 Imperial Camel Rider
40:36 Stone Mining
40:31 Hussar
42:18 Blast Furnace
42:55 Chemistry
42:17 Ballistics
43:04 Devotion
43:48 Siege Engineers
44:09 Bracer
45:53 Faith
49:45 Hoardings
50:26 Two-Man Saw
waLLefps.
13:20 Feudal Age
16:55 Castle Age
14:44 Double-Bit Axe
15:29 Horse Collar
17:54 Bow Saw
17:45 Heavy Plow
20:38 Wheelbarrow
21:15 Loom
23:17 Hand Cart
24:17 Town Watch
25:51 Gold Mining
29:49 Imperial Age
28:02 Gold Shaft Mining
28:18 Scale Mail Armor
28:28 Forging
29:51 Ballistas
30:26 Ballistics
30:58 Conscription
31:51 Chemistry
30:50 Heavy Scorpion
33:30 Siege Engineers
37:24 Squires
36:44 Pikeman
37:41 Chain Mail Armor
38:01 Iron Casting
38:28 Halberdier
40:38 Fletching
41:49 Blast Furnace
41:42 Capped Ram
小公子
10:08 Feudal Age
13:49 Castle Age
12:07 Double-Bit Axe
12:24 Horse Collar
23:05 Bow Saw
23:13 Gold Mining
24:12 Padded Archer Armor
27:04 Imperial Age
26:24 Fletching
26:51 Leather Archer Armor
27:18 Wheelbarrow
26:51 Thumb Ring
27:04 Bodkin Arrow
28:55 Chemistry
28:18 Bracer
28:50 Ring Archer Armor
30:12 Yasama
31:34 Ballistics
31:13 Heavy Cavalry Archer
32:51 Parthian Tactics
33:19 Forging
33:09 Scale Mail Armor
33:15 Guard Tower
33:11 Arrowslits
33:08 Treadmill Crane
33:38 Masonry
33:25 Murder Holes
33:41 Masonry
33:18 Loom
33:19 Town Watch
34:54 Gold Shaft Mining
34:09 Stone Mining
36:21 Kataparuto
36:33 Conscription
38:35 Hand Cart
39:58 Keep
39:31 Siege Engineers
40:33 Iron Casting
40:13 Chain Mail Armor
42:32 Onager
43:25 Squires
44:43 Blast Furnace
44:13 Plate Mail Armor
44:43 Blast Furnace
44:13 Plate Mail Armor
44:58 Two-Man Saw
43:57 Pikeman
49:15 Halberdier
Mr.Robin
4:58 Loom
10:43 Feudal Age
12:25 Loom
14:40 Castle Age
13:00 Double-Bit Axe
13:00 Horse Collar
13:48 Gold Mining
16:09 Bow Saw
18:38 Redemption
21:28 Sanctity
25:21 Wheelbarrow
27:59 Fervor
30:32 Pikeman
31:13 Squires
34:41 Heavy Plow
34:58 Hand Cart
39:09 Imperial Age
38:02 Scale Mail Armor
38:12 Forging
39:21 Gold Shaft Mining
40:23 Block Printing
40:34 Illumination
40:47 Theocracy
42:17 Chain Mail Armor
42:37 Iron Casting
43:03 Chemistry
42:46 Crop Rotation
43:34 Heresy
43:11 Herbal Medicine
43:21 Devotion
43:50 Stone Mining
44:31 Plate Mail Armor
45:02 Blast Furnace
44:27 Garland Wars
46:40 Conscription
48:40 Fletching
哭稀饭(2125613428)
10:21 Feudal Age
10:47 Double-Bit Axe
14:20 Castle Age
12:27 Horse Collar
15:57 Bow Saw
15:57 Heavy Plow
20:40 Wheelbarrow
22:22 Hand Cart
23:20 Gold Mining
28:36 Imperial Age
26:09 Loom
26:10 Town Watch
27:52 Gold Shaft Mining
27:08 Stone Mining
28:17 Ballistics
28:51 Fortified Wall
30:31 Chemistry
29:22 Heavy Scorpion
30:21 Cavalier
31:04 Husbandry
31:15 Bloodlines
31:11 Siege Engineers
31:18 Scale Barding Armor
31:23 Forging
31:08 Light Cavalry
32:24 Chain Barding Armor
32:20 Double Crossbow
32:41 Conscription
32:36 Hussar
35:26 Capped Ram
36:43 Plate Barding Armor
36:43 Iron Casting
38:40 Iron Casting
39:24 Masonry
39:11 Murder Holes
40:52 Crop Rotation
42:10 Onager
46:43 Fletching
47:54 Blast Furnace
执者如旗
11:04 Feudal Age
14:59 Castle Age
13:47 Stone Mining
15:17 Double-Bit Axe
16:35 Loom
42:14 Imperial Age
42:26 Scale Mail Armor
42:37 Forging
43:55 Chemistry
45:58 Pikeman
47:16 Chain Mail Armor
47:23 Gambesons
49:08 Conscription
49:28 Wheelbarrow
48:49 Halberdier
50:44 Iron Casting
Connection lost

Rejoining the realm…

Still unreachable

The connection could not be restored.

Session expired

The server has moved on; the page needs a fresh start.